 Dungeon Sprint DCSS version 0.17-a0-1582-ge6b0260 (webtiles) character file.

555 Jb9000 the Blocker (level 7, -3/46 HPs)
             Began as a Gargoyle Fighter on July 27, 2015.
             Was an Elder of Qazlal.
             Slain by a phantasmal warrior (11 damage)
             ... in the Dungeon (Sprint VII: "The Pits").
             The game lasted 00:03:32 (716 turns).

Jb9000 the Blocker (Gargoyle Fighter)                Turns: 716, Time: 00:03:32

Health: -3/46      AC: 22    Str: 19    XL:     7   Next: 30%
Magic:  13/13      EV:  8    Int:  9    God:    Qazlal [****..]
Gold:   0          SH: 16    Dex: 11    Spells: 0 memorised, 14 levels left

rFire  . . .     SeeInvis .     t - +2 flail (protect)
rCold  . . .     Clarity  .     s - +3 chain mail
rNeg   + . .     SustAt   .     c - +0 shield
rPois  ∞         Gourm    .     (no helmet)
rElec  +         Spirit   .     (no cloak)
rCorr  .         Warding  .     (no gloves)
rMut   .         NoTele   +     (no boots)
MR     .....                    (no amulet)
Stlth  ..........               (no ring)
                                (no ring)

@: repel missiles, not resistant to hostile enchantments, extremely unstealthy
A: negative energy resistance 1, electricity resistance, unbreathing,
petrification resistance, rot immunity, AC +4
a: Upheaval, Elemental Force, Renounce Religion


You were in the Dungeon.
You worshipped Qazlal.
Qazlal was greatly pleased with you.
You were not hungry.

You visited 1 branch

Inventory:

Hand weapons
 r - a +2 hand axe
 t - a +2 flail of protection (weapon)
Armour
 c - a +0 shield (worn)
 s - a +3 chain mail (worn)
Magical devices
 a - a wand of flame (21)
Scrolls
 k - a scroll of blinking
 o - 3 scrolls of remove curse
 p - 5 scrolls of amnesia
 q - a scroll of summoning
Potions
 d - a potion of might
 f - 5 potions of curing
 g - 5 potions of heal wounds
 h - a potion of haste
 i - 4 potions of magic
 j - 3 potions of berserk rage
 n - 2 potions of invisibility
Comestibles
 e - 8 bread rations
 l - 40 fruits
 m - 7 meat rations


   Skills:
 + Level 6.0 Fighting
 + Level 4.5(5.1) Axes
 + Level 3.6(4.8) Maces & Flails
 + Level 6.0 Armour
 * Level 5.3 Dodging
 * Level 8.0 Shields
 + Level 4.0 Spellcasting
 * Level 5.8 Invocations
 + Level 3.3 Evocations


You had 14 spell levels left.
You didn't know any spells.

Dungeon Overview and Level Annotations

Branches:
Dungeon (1/1)

Altars:
Ashenzari
Cheibriados
Dithmenos
Elyvilon
Fedhas
Gozag
Kikubaaqudgha
Makhleb
Nemelex Xobeh
Okawaru
Qazlal
Ru
Sif Muna
Trog
Vehumet
Xom
Yredelemnul
Zin
The Shining One
Beogh
Jiyva
Lugonu


Innate Abilities, Weirdness & Mutations

You are resistant to torment.
Your stone body is resilient (AC +4).
You are immune to poison.
You resist negative energy.
You are resistant to electric shocks.
You can survive without breathing.
You are immune to petrification.
You are immune to rotting.


Message History

You hit the crimson imp.
You kill the crimson imp!
Qazlal accepts your kill.
Your Fighting skill increases to level 6!
Your Armour skill increases to level 6!
Your Shields skill increases to level 8!
There is an open door here.
You open the door.
A phantasmal warrior comes into view.
The phantasmal warrior blinks!
The phantasmal warrior hits you!!
There is an open door here.
Your shield and chain mail prevent you from hitting the phantasmal warrior.
You block the phantasmal warrior's attack.
The phantasmal warrior hits you!
* * * LOW HITPOINT WARNING * * *
You hit the phantasmal warrior.
The phantasmal warrior is lightly damaged.
The phantasmal warrior hits you!
You die...

#.#...[....##.......#
#.#........##.......#
#)###########.......#
#.§.....# #########
#..#.#..# #.##.##.#
#.......#+#
#.##.##.#.+
#..#.#..#@#
#.......W.#
###########


You could see a phantasmal warrior.

Vanquished Creatures
  A wolf (D)
  A porcupine (D)
  An ogre (D)
  A black bear (D)
  A brain worm (D)
  A crimson imp (D)
  Jessica (D)
  A river rat (D)
  2 oozes (D)
  2 orcs (D)
  A bat (D)
  A giant cockroach (D)
  A hobgoblin (D)
  A giant gecko zombie (D)
  A giant newt (D)
17 creatures vanquished.

Notes
Turn   | Place    | Note
--------------------------------------------------------------
     0 | D        | Jb9000 the Gargoyle Fighter began the quest for the Orb.
     0 | D        | Reached XP level 1. HP: 14/14 MP: 1/1
    34 | D        | Found a sacrificial altar of Ru.
    34 | D        | Found a shadowy altar of Dithmenos.
    34 | D        | Found a bloodstained altar of Trog.
    34 | D        | Found a deep blue altar of Sif Muna.
    34 | D        | Found a shimmering altar of Xom.
    34 | D        | Found a sparkling altar of Nemelex Xobeh.
    34 | D        | Found a corrupted altar of Lugonu.
    34 | D        | Found a viscous altar of Jiyva.
    35 | D        | Found a basalt altar of Yredelemnul.
    35 | D        | Found a glowing golden altar of the Shining One.
    35 | D        | Found a shattered altar of Ashenzari.
    35 | D        | Found a white marble altar of Elyvilon.
    35 | D        | Found a snail-covered altar of Cheibriados.
    35 | D        | Found a blossoming altar of Fedhas.
    35 | D        | Found a radiant altar of Vehumet.
    35 | D        | Found a burning altar of Makhleb.
    35 | D        | Found an ancient bone altar of Kikubaaqudgha.
    35 | D        | Found a glowing silver altar of Zin.
    35 | D        | Found a roughly hewn altar of Beogh.
    35 | D        | Found an iron altar of Okawaru.
    40 | D        | Found a stormy altar of Qazlal.
    40 | D        | Found an opulent altar of Gozag.
    43 | D        | Became a worshipper of Qazlal Stormbringer
    69 | D        | Reached skill level 1 in Dodging
    76 | D        | Acquired Qazlal's first power
    76 | D        | Reached skill level 4 in Shields
    76 | D        | Reached XP level 2. HP: 17/19 MP: 1/3
    82 | D        | Reached skill level 1 in Spellcasting
   327 | D        | Noticed Jessica
   331 | D        | Acquired Qazlal's second power
   331 | D        | Reached XP level 3. HP: 21/24 MP: 3/5
   334 | D        | Killed Jessica
   334 | D        | Reached skill level 5 in Shields
   624 | D        | Noticed a porcupine
   624 | D        | Noticed an ogre
   630 | D        | Noticed a wolf
   631 | D        | Noticed a black bear
   637 | D        | Noticed a brain worm
   640 | D        | Killed a porcupine
   640 | D        | Reached skill level 1 in Maces & Flails
   640 | D        | Reached skill level 6 in Shields
   640 | D        | Reached skill level 1 in Evocations
   640 | D        | Reached XP level 4. HP: 14/30 MP: 3/8
   640 | D        | Reached XP level 5. HP: 15/34 MP: 3/9
   650 | D        | Acquired Qazlal's third power
   678 | D        | Killed a wolf
   678 | D        | Reached skill level 5 in Fighting
   678 | D        | Reached skill level 5 in Armour
   678 | D        | Reached skill level 7 in Shields
   678 | D        | Reached XP level 6. HP: 36/40 MP: 8/11
   687 | D        | Killed a black bear
   690 | D        | Killed an ogre
   690 | D        | Reached skill level 5 in Dodging
   690 | D        | Reached skill level 5 in Invocations
   690 | D        | Reached XP level 7. HP: 40/45 MP: 10/12
   695 | D        | Killed a brain worm
   695 | D        | Acquired Qazlal's fourth power
   708 | D        | Noticed a crimson imp
   710 | D        | Killed a crimson imp
   710 | D        | Reached skill level 8 in Shields
   713 | D        | Noticed a phantasmal warrior
   716 | D        | Slain by a phantasmal warrior

Vault maps used:
D:        pitsprint

Action                   |  1- 3 |  4- 6 |  7- 9 || total
-------------------------+-------+-------+-------++-------
Melee: Hand axe          |    23 |       |       ||    23
       War axe           |     4 |       |       ||     4
       Flail             |     9 |    49 |     9 ||    67
Invok: Upheaval          |     1 |       |       ||     1
  Use: Potion            |     1 |     1 |       ||     2
